 Dungeon Crawl Stone Soup version 0.27.0-66-gdc8fb28755 (webtiles) character file.

Game seed: 12973905101528299185

606 ZARRMARR the Cudgeller (level 7, -3/84 HPs)
             Began as a Palentonga Fighter on Aug 20, 2021.
             Slain by an orc warrior (10 damage)
             ... on level 5 of the Dungeon.
             The game lasted 00:18:56 (5632 turns).

ZARRMARR the Cudgeller (Palentonga Fighter)         Turns: 5632, Time: 00:18:56

Health: -3/84      AC: 15    Str: 21    XL:     7   Next: 19%
Magic:  7/7        EV:  6    Int:  8    God:
Gold:   121        SH:  9    Dex: 10    Spells: 6/6 levels left

rFire    . . .     SeeInvis +   a - +0 flail
rCold    . . .     Faith    .   c - +0 kite shield
rNeg     . . .     Spirit   .   b - +0 scale mail
rPois    .         Reflect  .   (no helmet)
rElec    .         Harm     .   l - +0 cloak
rCorr    .         Rampage  .   (no gloves)
Will     .....                  (no barding)
Stlth    ..........             x - amulet of the acrobat
HPRegen  0.24/turn              v - ring of Shadows {Umbra +Inv Stlth+}
MPRegen  0.10/turn              (no ring)

@: berserking, wreathed by umbra, curled up, very quick
A: large, rugged brown scales 3, see invisible, deformed body, roll 1, armoured
tail, reflexive curl
a: Rolling Charge, Evoke Invisibility


You were on level 5 of the Dungeon.
You visited 1 branch of the dungeon, and saw 5 of its levels.

You collected 121 gold pieces.

Inventory:

Hand Weapons
 a - a +0 flail (weapon)
Missiles
 e - 33 poisoned darts
 p - 2 boomerangs (quivered)
Armour
 b - a +0 scale mail (worn)
 c - a +0 kite shield (worn)
 l - a +0 cloak (worn)
Jewellery
 v - the ring of Shadows (left hand) {Umbra +Inv Stlth+}
   (You found it on level 4 of the Dungeon)

   [ring of stealth]

   It surrounds you with an aura of shadow, increasing your stealth and reducing
   the accuracy of all within it (including the wearer).
   +Inv:      It lets you turn invisible.
   Stlth:     It makes you more stealthy.
 x - an amulet of the acrobat (around neck)
Wands
 d - a wand of flame (11)
Scrolls
 g - a scroll of amnesia
 h - 4 scrolls of teleportation
 j - a scroll of noise
 k - a scroll of enchant armour
 q - 4 scrolls of blinking
 t - a scroll of fog {unknown}
 u - a scroll of immolation
 y - a scroll of enchant weapon {unknown}
Potions
 m - a potion of mutation {unknown}
 n - a potion of ambrosia {unknown}
 o - 2 potions of haste
 r - a potion of attraction {unknown}
 s - a potion of flight {unknown}
 z - a potion of magic {unknown}
 A - a potion of lignification {unknown}


   Skills:
 + Level 3.8 Fighting
 + Level 4.4 Maces & Flails
 + Level 1.7 Throwing
 + Level 4.0 Armour
 + Level 1.9 Dodging
 + Level 3.4 Shields


You had 6 spell levels left.
You didn't know any spells.
Your spell library contained the following spells:

 Spells                   Type           Power      Damage    Failure   Level
 Animate Skeleton         Necr           0%         N/A       98%         1
 Apportation              Tloc           0%         N/A       98%         1
 Corona                   Hex            0%         N/A       98%         1
 Summon Small Mammal      Summ           0%         N/A       98%         1
 Call Canine Familiar     Summ           0%         N/A       100%        3
 Ozocubu's Armour         Ice            0%         N/A       100%        3
 Portal Projectile        Hex/Tloc       0%         N/A       100%        3
 Leda's Liquefaction      Hex/Erth       0%         N/A       100%        4
 Metabolic Englaciation   Hex/Ice        0%         N/A       100%        5
 Simulacrum               Ice/Necr       0%         N/A       100%        6


Dungeon Overview and Level Annotations

Branches:
Dungeon (5/15)
 Temple: D:4-7

Altars:
Dithmenos
Kikubaaqudgha
Yredelemnul


Innate Abilities, Weirdness & Mutations

You are completely covered in rugged brown scales. (AC +3, +7% HP)
You have supernaturally acute eyesight. (SInv)
Armour fits poorly on your strangely shaped body.
You can roll at nearby foes to attack.
You have a long armoured tail.
You curl defensively after being hit.


Message History

You closely miss the orc warrior. You tail-slap the orc warrior.
The orc warrior is lightly wounded.
The orc warrior hits you with a +0 short sword!
You hit the orc warrior but do no damage.
You tail-slap the orc warrior, but do no damage.
The orc warrior is lightly wounded.
The orc warrior hits you with a +0 short sword.
The orc warrior barely misses you.
You closely miss the orc warrior.
The orc warrior is lightly wounded.
The orc warrior closely misses you.
You miss the orc warrior.
Your tail-slap misses the orc warrior.
The orc warrior is lightly wounded.
The orc warrior hits you with a +0 short sword!
You hit the orc warrior but do no damage.
The orc warrior is lightly wounded.
The orc warrior closely misses you.
The orc warrior hits you with a +0 short sword!
You miss the orc warrior.
The orc warrior is lightly wounded.
You block the orc warrior's attack.
You sock the orc warrior!
The orc warrior is moderately wounded.
The orc warrior hits you with a +0 short sword!
* * * LOW HITPOINT WARNING * * *
It was a potion of berserk rage.
A red film seems to cover your vision as you go berserk!
You feel yourself moving faster!
You feel mighty!
The orc warrior hits you with a +0 short sword!
* * * LOW HITPOINT WARNING * * *
You sock the orc warrior!
The orc warrior is severely wounded.
The orc warrior barely misses you.
You closely miss the orc warrior.
The orc warrior is severely wounded.
The orc warrior hits you but does no damage.
You hit the orc warrior.
The orc warrior is severely wounded.
The orc warrior hits you with a +0 short sword!
You die...

####...# **,,* **,,
#......####.,** *,,,
#...........,****,,*
##.........#,,**,,,*
#.##....####*,,,,,,, #..#...##
**,,,,,, ##......# **,,,,,
##.......# **,,,, #....@...#*
*,,** ** #.....o...# *,,,* ,**
#.....#)).#* **,,,, ,,**
##..####...#* ***,,,,, *,,* #...*
*....#**,,,**** ,,,** *#..#*
*#.....,,,,,* ,,,,*** **...*
*.....,,,,,* ,,,,,,****...#*
**,§.§,,,,,,*
,,,,,,,,,,,,,,*****,,,,,,,,,,,***


You could see an orc warrior.

Vanquished Creatures
  Sigmund (D:4)
  A water moccasin (D:4)
  An ogre (D:5)
  A centaur (D:3)
  A hound (D:3)
  A hound skeleton (D:4)
  4 adders
  2 worms (D:3)
  4 orcs
  9 bats
  7 endoplasms
  A giant cockroach (D:3)
  4 goblins
  10 hobgoblins
  23 jackals
  A quokka (D:1)
  4 ball pythons
  6 frilled lizards
  2 kobolds
  2 rats (D:1)
  A spectral orc (D:3)
86 creatures vanquished.

Vanquished Creatures (others)
  A plant (D:1)
1 creature vanquished.

Grand Total: 87 creatures vanquished

Notes
Turn   | Place    | Note
-------+----------+-------------------------------------------
     0 | D:1      | ZARRMARR the Palentonga Fighter began the quest for the
                  | Orb.
     0 | D:1      | Reached XP level 1. HP: 19/19 MP: 1/1
   135 | D:1      | Reached XP level 2. HP: 19/25 MP: 2/2
   985 | D:1      | Reached XP level 3. HP: 10/31 MP: 3/3
  2044 | D:2      | Found a faded altar of an unknown god.
  2594 | D:2      | Reached XP level 4. HP: 37/37 MP: 4/4
  3354 | D:3      | Reached skill level 1 in Throwing
  3445 | D:3      | Noticed a centaur
  3450 | D:3      | Killed a centaur
  3451 | D:3      | Reached XP level 5. HP: 24/43 MP: 5/5
  3778 | D:3      | Found a basalt altar of Yredelemnul.
  3920 | D:4      | Found an ancient bone altar of Kikubaaqudgha.
  4206 | D:4      | Found the ring of Shadows {Umbra +Inv Stlth+}
  4383 | D:4      | Noticed a water moccasin
  4401 | D:4      | Killed a water moccasin
  4402 | D:4      | Reached skill level 1 in Dodging
  4402 | D:4      | Reached XP level 6. HP: 11/51 MP: 6/6
  4804 | D:4      | Found a shadowy altar of Dithmenos.
  5003 | D:4      | Noticed Sigmund
  5013 | D:4      | Killed Sigmund
  5413 | D:4      | Gained mutation: You curl defensively after being hit.
                  | [Palentonga growth]
  5413 | D:4      | Reached XP level 7. HP: 56/56 MP: 7/7
  5595 | D:5      | Entered Level 5 of the Dungeon
  5632 | D:5      | Slain by an orc warrior

Illustrated notes

Levels and vault maps discovered:
D:1:      arrival_zaba_pyramid, layout_basic, serial_forest,
          infiniplex_forest_lined_corner, infiniplex_forest_straight_2,
          infiniplex_forest_3_way, infiniplex_forest_zigzag_1,
          infiniplex_forest_clump_double, infiniplex_forest_straight_5
D:2:      layout_basic, shapermc_ecumenical_altar_pompeii
D:3:      layout_rooms, yredelemnul_forgotten_temple_becter, chequers_jeans
D:4:      layout_loops_ring, mainiacjoe_overflow_alcove_4, kennysheep_mini,
          grunt_ministairs_14, uniq_sigmund
D:5:      layout_layer_cave, mainiacjoe_overflow_concentric_impassable,
          nicolae_ossuary_entry_false_entrances

Skill      XL: |  1  2  3  4  5  6  7 |
---------------+----------------------+-----
Armour         | 3 4 |  4.0
Throwing       | 1 |  1.7
Maces & Flails | 3 4 |  4.4
Shields        | 3 |  3.4
Dodging        | 1 |  1.9
Fighting       | |  3.8

Action                   |  1- 3 |  4- 6 |  7- 9 || total
-------------------------+-------+-------+-------++-------
Melee: Flail             |   108 |   139 |    17 ||   264
       Tailslap          |     8 |    10 |     3 ||    21
Throw: Dart              |    34 |    19 |       ||    53
       Boomerang         |       |    14 |     9 ||    23
 Abil: Rolling Charge    |    22 |    15 |     1 ||    38
  Use: Scroll            |     3 |     2 |     3 ||     8
       Potion            |       |     1 |     1 ||     2
Armor: Scale mail        |    84 |    85 |     8 ||   177
Dodge: Dodged            |    40 |    52 |     7 ||    99
Block: Kite shield       |    60 |    77 |     5 ||   142
